 Dungeon Crawl Stone Soup version 0.25-a0-786-g5b70d41e48 (webtiles) character file.

Game seed: 10526000180023102924, levelgen mode: deterministic

1186 FollowTheCloud the Chopper (level 8, 0/103 HPs)
             Began as a Minotaur Fighter on Apr 18, 2020.
             Was an Initiate of Trog.
             Succumbed to a water moccasin's poison
             ... on level 5 of the Dungeon.
             The game lasted 00:08:50 (3822 turns).

FollowTheCloud the Chopper (Minotaur Fighter)       Turns: 3822, Time: 00:08:51

Health: 0/103      AC: 24    Str: 22    XL:     8   Next: 19%
Magic:  7/7        EV:  2    Int:  5    God:    Trog [......]
Gold:   246        SH: 10    Dex: 11    Spells: 7/7 levels left

rFire    . . .     SeeInvis .   a - +0 war axe
rCold    . . .     Gourm    .   c - +0 kite shield
rNeg     + + +     Faith    .   (armour currently unavailable)
rPois    +         Spirit   .   (helmet currently unavailable)
rElec    .         Reflect  .   (cloak currently unavailable)
rCorr    .         Harm     .   (gloves currently unavailable)
MR       .....     NoTele   +   (boots currently unavailable)
Stlth    +.........             (no amulet)
HPRegen  0.27/turn              (no ring)
MPRegen  0.10/turn              (no ring)

@: lethally poisoned (0 -> -15), tree-form, hasted, very quick
A: (retaliatory headbutt)
a: Renounce Religion


You were on level 5 of the Dungeon.
You worshipped Trog.
Trog was noncommittal.
You were not hungry.
You were a tree.
You visited 1 branch of the dungeon, and saw 5 of its levels.

You collected 246 gold pieces.

Inventory:

Hand Weapons
 a - a +0 war axe (weapon)
Armour
 b - a +0 scale mail (melded)
 c - a +0 kite shield (worn)
 q - a +1 pair of gloves (melded)
Jewellery
 j - an uncursed amulet of rage {unknown}
 k - an uncursed amulet of rage {unknown}
Wands
 g - a wand of random effects (22)
Scrolls
 e - 3 scrolls of identify {unknown}
 h - 6 scrolls of remove curse
 m - 3 scrolls of magic mapping
 p - a scroll of blinking {unknown}
 s - a scroll of immolation {unknown}
 t - 4 scrolls of teleportation {unknown}
 w - a scroll of enchant armour {unknown}
 x - a scroll of amnesia {unknown}
 y - a scroll of noise {unknown}
 z - 2 scrolls of enchant weapon {unknown}
 A - a scroll of random uselessness {unknown}
Potions
 i - a potion of brilliance {unknown}
 l - a potion of flight
 n - 2 potions of haste
 r - a potion of lignification
 u - a potion of cancellation {unknown}
 v - a potion of resistance {unknown}
Comestibles
 f - 9 rations


   Skills:
 + Level 5.5 Fighting
 + Level 7.9 Axes
 + Level 5.9 Armour
 + Level 3.2 Dodging
 + Level 0.3 Stealth
 + Level 6.1 Shields


You had 7 spell levels left.
You didn't know any spells.
Your spell library contained the following spells:

 Spells                   Type           Power        Failure   Level  Hunger
 Confusing Touch          Hex            #.......     99%         3    ####...
 Gell's Gravitas          Tloc           #.........   99%         3    ####...
 Petrify                  Tmut/Erth      #.......     100%        4    #####..
 Metabolic Englaciation   Hex/Ice        #.........   100%        5    ######.
 Yara's Violent Unravell  Hex/Tmut       #.........   100%        5    ######.


Dungeon Overview and Level Annotations

Branches:
Dungeon (5/15)
 Temple: D:4-7

Altars:
Trog
Uskayaw
Vehumet


Innate Abilities, Weirdness & Mutations

((You reflexively headbutt those who attack you in melee.))
((You have a pair of horns on your head.))


Message History

* * * LOW HITPOINT WARNING * * *
You feel sick.
The water moccasin bites you but does no damage.
The crimson imp blinks!
The water moccasin bites you but does no damage.
You slash the water moccasin!
You kill the water moccasin!
Trog accepts your kill.
Your Shields skill increases to level 6!
* * * LOW HITPOINT WARNING * * *
You feel sick.
You cannot move.
You cannot move.
Unknown command.
There is a lethal amount of poison in your body!
* * * LOW HITPOINT WARNING * * *
You feel sick.
* * * LOW HITPOINT WARNING * * *
You feel sick.
You die...

.# #.# .# #.# .#
#.# .######### #.#
......S..# #.####
########.# #.....
,,,,,,,#.####
######
,*****,#....#
###################
,* *,####.#
#.♣................
,* *,*,,#.#
#.#################
,* *,*,,#.# #.# ,*
*,*..#'###)# ,*
*,*........# ,*
*,*........# ,*
*,*#..5....# ,*
*,,.......## ,*
**##......#


There were no monsters in sight!

Vanquished Creatures
  Pikel (D:5)
  A water moccasin (D:5)
  An ice beast (D:5)
  A slave (D:5)
  A centaur (D:5)
  Blork the orc (D:5)
  A crimson imp (D:5)
  A jelly (D:5)
  An orc wizard (D:4)
  Jessica (D:3)
  A worker ant (D:5)
  A hound skeleton (D:4)
  A worker ant zombie (D:5)
  9 adders
  A gnoll (D:1)
  An adder zombie (D:5)
  6 dart slugs
  3 leopard geckos
  9 orcs
  8 bats
  4 giant cockroaches
  10 goblins
  5 hobgoblins
  5 kobolds
  2 quokkas (D:2)
  8 frilled lizards
  7 rats
91 creatures vanquished.

Notes
Turn   | Place    | Note
-------+----------+-------------------------------------------
     0 | D:1      | FollowTheCloud the Minotaur Fighter began the quest for the
                  | Orb.
     0 | D:1      | Reached XP level 1. HP: 19/19 MP: 0/0
    22 | D:1      | Reached XP level 2. HP: 24/27 MP: 1/1
   265 | D:1      | Reached XP level 3. HP: 33/33 MP: 2/2
   545 | D:2      | Reached skill level 3 in Axes
   805 | D:2      | Reached XP level 4. HP: 32/40 MP: 3/3
   995 | D:2      | Found a radiant altar of Vehumet.
   995 | D:2      | Found a bloodstained altar of Trog.
  1402 | D:3      | Reached skill level 4 in Axes
  1465 | D:3      | Noticed a +0 hand axe
  1466 | D:3      | Noticed a +0 hand axe
  1468 | D:3      | Found a hide-covered altar of Uskayaw.
  1544 | D:3      | Noticed Jessica
  1549 | D:3      | Killed Jessica
  1549 | D:3      | Reached XP level 5. HP: 43/46 MP: 4/4
  2243 | D:4      | Reached skill level 1 in Dodging
  2540 | D:4      | Reached skill level 5 in Axes
  2885 | D:5      | Entered Level 5 of the Dungeon
  2910 | D:5      | Noticed Blork the orc
  2918 | D:5      | Killed Blork the orc
  2918 | D:5      | Reached XP level 6. HP: 35/53 MP: 5/5
  2965 | D:5      | Noticed a water moccasin
  3078 | D:5      | Reached skill level 6 in Axes
  3078 | D:5      | Reached skill level 5 in Shields
  3083 | D:5      | Noticed an ice beast
  3232 | D:5      | Killed an ice beast
  3232 | D:5      | Reached skill level 5 in Armour
  3232 | D:5      | Reached XP level 7. HP: 43/60 MP: 6/6
  3271 | D:5      | Noticed Pikel
  3288 | D:5      | Killed Pikel
  3288 | D:5      | Reached skill level 5 in Fighting
  3288 | D:5      | Reached skill level 7 in Axes
  3288 | D:5      | Reached XP level 8. HP: 45/69 MP: 7/7
  3593 | D:2      | Became a worshipper of Trog the Wrathful
  3819 | D:5      | HP: 4/103 [poisoned by a water moccasin]
  3821 | D:5      | HP: 1/103 [poisoned by a water moccasin]
  3822 | D:5      | Succumbed to a water moccasin's poison

Levels and vault maps discovered:
D:1:      lemuel_arrival_rhombus, layout_basic
D:2:      layout_rooms, gammafunk_temple_overflow_elements,
          minmay_randomly_rotated_circles
D:3:      layout_loops_ring, dancing_weapons_uskayaw, minmay_misc_feat_enclosed,
          uniq_jessica
D:4:      layout_rooms, first_ration, minmay_goblin_outpost
D:5:      layout_basic, uniq_blork_the_orc, uniq_pikel

Skill      XL: |  1  2  3  4  5  6  7  8 |
---------------+-------------------------+-----
Fighting       | 4 5 |  5.5
Shields        | 4 5 6 |  6.1
Armour         | 4 5 |  5.9
Axes           | 3 4 5 6 7 |  7.9
Dodging        | 1 2 3 |  3.2
Stealth        | |  0.3

Action                   |  1- 3 |  4- 6 |  7- 9 || total
-------------------------+-------+-------+-------++-------
Melee: War axe           |    93 |   143 |    50 ||   286
       Headbutt          |    10 |    23 |    10 ||    43
  Use: Scroll            |       |     2 |       ||     2
       Potion            |       |     1 |     3 ||     4
  Eat: Chunk             |       |     6 |       ||     6
       Ration            |       |       |     1 ||     1
Armor: Scale mail        |    54 |    67 |    17 ||   138
       Skin              |       |       |     3 ||     3
Dodge: Dodged            |    39 |    46 |    10 ||    95
Block: Kite shield       |    68 |    89 |    25 ||   182

Table legend:
 A = Non-vault XP
 B = Vault XP
 C = Vault XP percentage of total XP
 D = Non-vault monster count
 E = Vault monster count
 F = Vault count percentage of total count
                 A         B        C        D         E       F
            +---------+---------+-------+---------+---------+-------
      Total |     850 |     845 |  49.9 |      77 |      13 |  14.4
            +---------+---------+-------+---------+---------+-------
        D:1 |      43 |       0 |   0.0 |      17 |       0 |   0.0
        D:2 |      75 |       9 |  10.7 |      22 |       6 |  21.4
        D:3 |      72 |      37 |  33.9 |      17 |       1 |   5.6
        D:4 |     104 |       8 |   7.1 |      10 |       4 |  28.6
        D:5 |     556 |     791 |  58.7 |      11 |       2 |  15.4
            +---------+---------+-------+---------+---------+-------
